 Dungeon Crawl Stone Soup version 0.23.0-3-gf3c87f2df8 (webtiles) character file.

Game seed: 17225501071692516950

17227 Sondor the Carver (level 12, -7/94 HPs)
             Began as a Demonspawn Chaos Knight on Feb 22, 2019.
             Was a Plaything of Xom.
             Mangled by a large slime creature (23 damage)
             ... on level 12 of the Dungeon.
             The game lasted 00:29:36 (13306 turns).

Sondor the Carver (Demonspawn Chaos Knight)        Turns: 13306, Time: 00:29:37

Health: -7/94      AC: 19    Str: 18      XL:     12   Next: 17%
Magic:  0/4        EV:  8    Int: 18      God:    Xom [..*...]
Gold:   757        SH:  5    Dex: 21 (22) Spells: 11/11 levels left

rFire    . . .     SeeInvis .   M - +10 trident of the Wasteland {antimagic, -Tele rElec MR++ Dex+8}
rCold    + + .     Gourm    .   (no shield)
rNeg     . . .     Faith    .   o - +1 plate armour
rPois    .         Spirit   +   (helmet unavailable)
rElec    +         Reflect  +   z - scarf {Spirit}
rCorr    .         Harm     .   G - +0 pair of gloves
MR       +++..     NoTele   +   m - +0 pair of boots
Stlth    +.........             f - +5 amulet of reflection
HPRegen  0.25/turn              n - ring of protection from magic
MPRegen  0.09/turn              a - ring of protection from cold

@: no status effects
A: claws 1, horns 3, talons 1, agile 1, blink, blurry vision 2, clever 2, cold
resistance 1, deterioration 1, nightstalker 2, shaggy fur 1, spiny 3
a: Blink, Renounce Religion


You were on level 12 of the Dungeon.
You worshipped Xom.
You were a toy of Xom.
You were not hungry.

You visited 1 branch of the dungeon, and saw 12 of its levels.

You collected 757 gold pieces.

Inventory:

Hand Weapons
 j - the +9 battleaxe "Joluasaw" {chaos, rN+ SInv Stlth+}
   (Xom gifted it to you on level 9 of the Dungeon)

   Each time it hits an enemy it has a different, random effect.
   It protects you from negative energy.
   It lets you see invisible.
   It makes you more stealthy.
 s - a +1 falchion of venom
 E - the +7 dire flail of Ibeyj {venom, MR+ Stlth+}
   (You took it off a two-headed ogre on level 9 of the Dungeon)

   It poisons the flesh of those it strikes.
   It affects your resistance to hostile enchantments.
   It makes you more stealthy.
 M - the +10 trident of the Wasteland (weapon) {antimagic, -Tele rElec MR++ Dex+8}
   (You found it on level 12 of the Dungeon)

   It reduces the magical energy of the wielder, and disrupts the spells and
   magical abilities of those hit.
   Natural abilities and divine invocations are not affected.
   It affects your dexterity (+8).
   It insulates you from electricity.
   It affects your resistance to hostile enchantments.
   It prevents most forms of teleportation.
Missiles
 v - 4 throwing nets (quivered)
 w - 3 silver tomahawks
 D - 25 tomahawks
Armour
 b - a +2 leather armour
 m - a +0 pair of boots (worn)
 o - a +1 plate armour (worn)
 z - a scarf of spirit shield (worn)
 G - a +0 pair of gloves (worn)
Jewellery
 a - a ring of protection from cold (right hand)
 f - a +5 amulet of reflection (around neck)
 n - a ring of protection from magic (left hand)
 x - an uncursed ring of poison resistance
 B - an uncursed ring of fire
 F - an uncursed ring of fire
 L - an uncursed ring of ice
Wands
 k - a wand of enslavement (7)
 p - a wand of flame (12)
 u - a wand of disintegration (13)
 y - a wand of random effects (39)
 J - a wand of iceblast (15)
Scrolls
 d - 4 scrolls of magic mapping
 g - 9 scrolls of teleportation
 h - a scroll of identify
 l - 6 scrolls of immolation
 C - a scroll of amnesia
 H - a scroll of enchant armour
Potions
 e - 2 potions of haste
 i - 2 potions of brilliance
 r - 2 potions of flight
 A - a potion of resistance
 I - a potion of ambrosia
Miscellaneous
 t - a lamp of fire (inert)
Comestibles
 c - 22 rations


   Skills:
 + Level 8.3 Fighting
 + Level 11.0 Long Blades
 + Level 4.6 Axes
 + Level 0.2(2.8) Polearms
 + Level 3.2 Throwing
 + Level 10.3 Armour
 + Level 3.6 Dodging
 + Level 5.3 Stealth
 + Level 1.1 Evocations


You had 11 spell levels left.
You didn't know any spells.
Your spell library contained the following spells:

 Spells                   Type           Power        Failure   Level  Hunger
 Animate Skeleton         Necr           N/A          99%         1    ##.....
 Pain                     Necr           #...         99%         1    ##.....
 Regeneration             Chrm/Necr      #.........   100%        3    ####...
 Vampiric Draining        Necr           #.........   100%        3    ####...
 Animate Dead             Necr           N/A          100%        4    #####..


Dungeon Overview and Level Annotations

Branches:
Dungeon (12/15)            Temple (0/1) D:7             Orc (0/2) D:11
   Lair: D:8-11

Altars:
Gozag
Xom

Shops:
D:6 [   D:8 [   D:12 *


Innate Abilities, Weirdness & Mutations

You have a pair of large horns on your head.
You are significantly more attuned to the shadows.
You are completely covered in sharp spines.
You have sharp fingernails.
You have sharp toenails.
You are agile. (Dex +2)
You can translocate small distances at will.
Scrolls take you longer to read.
Your mind is very acute. (Int +4)
Your flesh is cold resistant. (rC+)
Your body sometimes deteriorates upon taking damage.
You are covered in fur. (AC +1)


Message History

The slime creature hits you but does no damage.
The slime creature is struck by your spines.
The slime creature hits you but does no damage.
You puncture the slime creature!
You kill the slime creature!
A very large slime creature splits.
The slime creature hits you but does no damage.
You puncture the slime creature!
The slime creature is heavily wounded.
Xom's power touches on you for a moment.
You sense a malignant aura.
The large slime creature hits you!!
* * * LOW HITPOINT WARNING * * *
The slime creature is struck by your spines.
The slime creature hits you!
* * * LOW HITPOINT WARNING * * *
The slime creature hits you!
* * * LOW HITPOINT WARNING * * *
You feel better. The large slime creature hits you!!
You die...
Xom is highly amused!

#.......#...#...
###.#...##.#....
#..#..#....... #.
##.#..#.....## #.
#.#........# #.
###.###...####
####'### #........##
.......####..∩.....#
.J.....J@##....)...#..
.......#JJ......)....#
.......####........###
.......# #........#
######## #........#
##########


You could see a large slime creature and 2 slime creatures.

Vanquished Creatures
  Fannar (D:11)
  Erolcha (D:11)
  The ghost of YM2612 the Quickloader, a journeyman FoHu of Okawaru (D:9)
  Erica (D:8)
  7 two-headed ogres
  An unseen horror (D:11)
  An oklob plant (D:6)
  A manticore (D:12)
  The ghost of Train the Bolt Thrower, a novice BaAM of Gozag (D:6)
  Psyche (D:11)
  A troll (D:10)
  A queen bee (D:6)
  Prince Ribbit (D:8)
  A slime creature (D:12)
  2 hungry ghosts (D:8)
  Menkaure (D:5)
  Edmund (D:6)
  3 porcupines (D:8)
  2 sky beasts
  4 orc warriors
  4 black bears
  3 phantoms
  2 necrophages
  4 ogres
  A wolf (D:8)
  4 centaurs
  7 bullfrogs
  A big kobold (D:7)
  A crocodile (D:8)
  3 gnoll sergeants (D:8)
  2 wyvern skeletons
  3 scorpions
  11 killer bees
  5 wights
  An electric eel (D:8)
  3 howler monkeys
  4 crimson imps
  2 quasits
  2 bullfrog zombies
  13 hounds
  8 jellies
  9 orc priests
  2 gnoll shamans (D:8)
  14 orc wizards
  Crazy Yiuf (D:5)
  2 bullfrog skeletons
  2 centaur skeletons
  Ijyb (D:5)
  7 iguanas
  8 worker ants
  3 hound skeletons
  2 hound zombies (D:11)
  12 adders
  34 gnolls
  A river rat (D:3)
  A shadow imp (D:9)
  14 oozes
  2 worms
  3 dart slugs
  4 leopard geckos
  51 orcs
  3 bats
  4 giant cockroaches
  4 goblins
  5 hobgoblins
  16 jackals
  18 kobolds
  3 quokkas
  3 ball pythons
  5 frilled lizards
  A jackal zombie (D:5)
  A quokka skeleton (D:6)
  8 rats
  3 fungi (D:6)
364 creatures vanquished.

Vanquished Creatures (collateral kills)
  Duvessa (D:4)
  A phantom (D:4)
  An ogre (D:6)
  Dowan (D:4)
4 creatures vanquished.

Vanquished Creatures (others)
  An ogre (D:9)
  2 wights (D:4)
  32 fungi
  9 plants (D:8)
44 creatures vanquished.

Grand Total: 412 creatures vanquished

Notes
Turn   | Place    | Note
-------+----------+-------------------------------------------
     0 | D:1      | Sondor the Demonspawn Chaos Knight began the quest for the
                  | Orb.
     0 | D:1      | Reached XP level 1. HP: 18/18 MP: 1/1
    41 | D:1      | Reached skill level 3 in Long Blades
    42 | D:1      | Gained mutation: You have a pair of small horns on your
                  | head. [demonic ancestry]
    42 | D:1      | Reached XP level 2. HP: 3/24 MP: 2/2
   869 | D:1      | XOM: divination: magic mapping
   892 | D:2      | Reached skill level 1 in Dodging
   892 | D:2      | Reached XP level 3. HP: 29/29 MP: 3/3
  1039 | D:2      | XOM: harmless Hex miscast
  1168 | D:2      | XOM: 3-stop teleportation journey
  1322 | D:2      | Found an opulent altar of Gozag.
  1398 | D:2      | XOM: harmless Fire miscast
  1416 | D:2      | XOM: harmless Hex miscast
  1609 | D:2      | XOM: harmless Erth miscast
  1635 | D:3      | XOM: blink monster(s)
  1645 | D:3      | Gained mutation: You are slightly more attuned to the
                  | shadows. [demonic ancestry]
  1645 | D:3      | Reached XP level 4. HP: 24/37 MP: 4/4
  1798 | D:3      | Reached skill level 4 in Long Blades
  1798 | D:3      | XOM: silly message
  1801 | D:3      | HP: 1/37 [gnoll (3)]
  1818 | D:3      | Gained mutation: You are partially covered in sharp spines.
                  | [demonic ancestry]
  1818 | D:3      | Reached XP level 5. HP: 6/42 MP: 5/5
  1828 | D:3      | XOM: harmless Ice miscast
  2275 | D:3      | XOM: scenery: create altars
  2351 | D:3      | XOM: give mutations
  2351 | D:3      | Gained mutation: Your mind is acute. (Int +2) [Xom's grace]
  2351 | D:3      | Gained mutation: You are agile. (Dex +2) [Xom's grace]
  2351 | D:3      | Gained mutation: You have sharp fingernails. [Xom's grace]
  2351 | D:3      | Gained mutation: You have sharp toenails. [Xom's grace]
  2538 | D:3      | XOM: divination: magic mapping
  2636 | D:4      | Noticed a phantom
  2637 | D:4      | XOM: summons friendly chaos spawn
  2678 | D:4      | Killed a phantom
  2678 | D:4      | Reached skill level 1 in Stealth
  2751 | D:4      | Noticed Duvessa
  2752 | D:4      | Noticed Dowan
  2762 | D:4      | Gained mutation: You are mostly covered in sharp spines.
                  | [demonic ancestry]
  2762 | D:4      | Reached XP level 6. HP: 41/48 MP: 6/6
  2762 | D:4      | Killed Duvessa
  2774 | D:4      | Killed Dowan
  2954 | D:4      | XOM: god gift: glowing long sword {god gift}
  2999 | D:4      | XOM: 6-stop teleportation journey
  3021 | D:4      | XOM: divine lightning
  3025 | D:4      | XOM: god gift: lamp of fire
  3029 | D:4      | Reached skill level 5 in Long Blades
  3175 | D:4      | Reached XP level 7. HP: 49/55 MP: 7/7
  3290 | D:4      | XOM: give mutations
  3290 | D:4      | Gained mutation: Your mind is very acute. (Int +4) [Xom's
                  | grace]
  3290 | D:4      | Gained mutation: Your flesh is heat resistant. (rF+) [Xom's
                  | grace]
  3290 | D:4      | Gained mutation: You have a pair of horns on your head.
                  | [Xom's grace]
  3831 | D:5      | Entered Level 5 of the Dungeon
  3850 | D:5      | XOM: god gift: ration
  3916 | D:5      | Noticed Menkaure
  3916 | D:5      | XOM: mild Summ miscast
  3917 | D:5      | Noticed a spatial vortex
  4155 | D:5      | XOM: medium Pois miscast
  4355 | D:5      | XOM: 2-stop teleportation journey
  4368 | D:5      | Killed Menkaure
  4371 | D:5      | XOM: medium Hex miscast
  4384 | D:5      | XOM: summons 1 hostile demon
  4438 | D:5      | Noticed Ijyb
  4455 | D:5      | Killed Ijyb
  4464 | D:5      | XOM: chaos cloud
  4480 | D:5      | XOM: cleaving
  4520 | D:5      | XOM: summons friendly white imp
  4656 | D:5      | XOM: harmless Fire miscast
  4737 | D:5      | Reached skill level 6 in Long Blades
  4786 | D:5      | Found a runed translucent door.
  4787 | D:5      | Noticed Crazy Yiuf
  5106 | D:5      | XOM: fake destruction
  5113 | D:5      | Killed Crazy Yiuf
  5113 | D:5      | Reached XP level 8. HP: 52/61 MP: 8/8
  5126 | D:5      | XOM: give mutations
  5126 | D:5      | Gained mutation: You have a pair of large horns on your
                  | head. [Xom's grace]
  5126 | D:5      | Gained mutation: Your flesh is cold resistant. (rC+) [Xom's
                  | grace]
  5126 | D:5      | Gained mutation: You evolve. [Xom's grace]
  5126 | D:5      | Gained mutation: You are covered in fur. (AC +1) [Xom's
                  | grace]
  5181 | D:6      | XOM: cast spell 'Summon Ice Beast'
  5212 | D:6      | Reached skill level 5 in Fighting
  5391 | D:6      | Lost mutation: You evolve. [evolution]
  5417 | D:6      | Found Anekelex's Antique Armour Shop.
  5439 | D:6      | Found a transporter.
  5441 | D:6      | Found a transporter.
  5442 | D:6      | Noticed Train's ghost (novice BaAM)
  5442 | D:6      | Noticed a queen bee
  5526 | D:6      | XOM: stat loss: -1 Dex (13/14)
  5529 | D:6      | Reached skill level 7 in Long Blades
  5529 | D:6      | Reached skill level 5 in Armour
  5547 | D:6      | XOM: give mutation
  5547 | D:6      | Gained mutation: Your body sometimes deteriorates upon
                  | taking damage. [Xom's mischief]
  5560 | D:6      | XOM: summons 4 hostile demons
  5618 | D:6      | XOM: noise
  5694 | D:6      | XOM: harmless Summ miscast
  5982 | D:6      | Noticed an oklob plant
  5986 | D:6      | XOM: enchant monster (bad)
  5987 | D:6      | Killed an oklob plant
  5987 | D:6      | Gained mutation: You are significantly more attuned to the
                  | shadows. [demonic ancestry]
  5987 | D:6      | Reached XP level 9. HP: 53/67 MP: 9/9
  6095 | D:6      | Reached skill level 8 in Long Blades
  6104 | D:6      | Noticed Edmund
  6109 | D:6      | XOM: divination: detect items
  6125 | D:6      | Killed Edmund
  6364 | D:6      | XOM: medium Necr miscast
  6367 | D:6      | Killed Train's ghost
  6370 | D:6      | Killed a queen bee
  6543 | D:6      | XOM: stat loss: -1 Str (14/17)
  6749 | D:7      | XOM: chaos upgrade
  6757 | D:7      | XOM: silly message
  6770 | D:7      | Reached skill level 9 in Long Blades
  6901 | D:7      | XOM: give mutations
  6901 | D:7      | Lost mutation: Your flesh is heat resistant. (rF+) [Xom's
                  | mischief]
  6901 | D:7      | Gained mutation: Scrolls take you a little longer to read.
                  | [Xom's mischief]
  6901 | D:7      | Gained mutation: Scrolls take you longer to read. [Xom's
                  | mischief]
  6901 | D:7      | Gained mutation: You can translocate small distances at
                  | will. [Xom's mischief]
  6904 | D:7      | Reached XP level 10. HP: 69/77 MP: 7/10
  6906 | D:7      | XOM: enchant monster (bad)
  7226 | D:7      | Found a staircase to the Ecumenical Temple.
  7681 | D:8      | XOM: confusion (+ monsters)
  7722 | D:8      | XOM: confusion
  8130 | D:8      | Noticed a two-headed ogre
  8139 | D:8      | XOM: 2-stop teleportation journey
  8147 | D:8      | Killed a two-headed ogre
  8181 | D:8      | XOM: summons friendly shadow imp
  8372 | D:8      | XOM: noise
  8431 | D:8      | XOM: blink monster(s)
  8449 | D:8      | Reached skill level 1 in Throwing
  8467 | D:8      | Reached skill level 10 in Long Blades
  8481 | D:8      | XOM: 6-stop teleportation journey
  8498 | D:8      | Noticed Prince Ribbit
  8506 | D:8      | Killed Prince Ribbit
  8917 | D:8      | Noticed Erica
  8922 | D:8      | XOM: blink monster(s)
  8932 | D:8      | Killed Erica
  8932 | D:8      | Gained mutation: You are completely covered in sharp
                  | spines. [demonic ancestry]
  8932 | D:8      | Reached XP level 11. HP: 80/84 MP: 9/11
  8952 | D:8      | Found Plog's Antique Armour Boutique.
  9194 | D:8      | XOM: summons 5 hostile demons
  9276 | D:8      | XOM: medium Ice miscast
  9393 | D:8      | XOM: summons 5 hostile demons
  9400 | D:9      | Noticed a two-headed ogre
  9407 | D:9      | XOM: medium Fire miscast
  9408 | D:9      | Killed a two-headed ogre
  9558 | D:9      | XOM: severe Chrm miscast
  9558 | D:9      | Paralysed by the severe capriciousness of Xom for 7 turns
  9667 | D:9      | Found a transporter.
  9670 | D:9      | Identified the +7 dire flail of Ibeyj {venom, MR+ Stlth+}
  9670 | D:9      | Noticed a two-headed ogre
  9670 | D:9      | Noticed a two-headed ogre
  9670 | D:9      | Noticed YM2612's ghost (journeyman FoHu)
  9672 | D:9      | Noticed a two-headed ogre
  9753 | D:9      | Found a transporter.
  9764 | D:9      | XOM: blink monster(s)
  9957 | D:9      | XOM: cloud trail
 10265 | D:9      | XOM: scenery: 1 doors open, 1 doors close
 10619 | D:9      | XOM: noise
 10662 | D:9      | Killed a two-headed ogre
 10709 | D:9      | Killed YM2612's ghost
 10732 | D:9      | XOM: god gift: faintly glowing battleaxe {god gift}
 10748 | D:9      | Got a faintly glowing battleaxe {god gift}
 10791 | D:9      | XOM: god gift: 19 gold pieces
 11088 | D:9      | XOM: mild Pois miscast
 11092 | D:9      | Identified the +9 battleaxe "Joluasaw" {chaos, rN+ SInv
                  | Stlth+} (Xom gifted it to you on level 9 of the Dungeon)
 11126 | D:9      | XOM: butterfly on damage
 11128 | D:9      | XOM: summons 2 friendly demons
 11128 | D:9      | Killed a two-headed ogre
 11133 | D:9      | XOM: confuse monster(s)
 11142 | D:9      | Killed a two-headed ogre
 11164 | D:9      | XOM: noise
 11418 | D:10     | Entered Level 10 of the Dungeon
 11426 | D:10     | XOM: silly message
 11492 | D:10     | Reached skill level 10 in Armour
 11550 | D:10     | Reached skill level 11 in Long Blades
 11765 | D:10     | Noticed a two-headed ogre
 11773 | D:10     | Killed a two-headed ogre
 11773 | D:10     | Reached skill level 1 in Axes
 11793 | D:10     | XOM: divination: detect items
 12041 | D:11     | Noticed Erolcha
 12042 | D:11     | Noticed Fannar
 12046 | D:11     | XOM: cast spell 'Summon Small Mammal'
 12053 | D:11     | XOM: fog
 12053 | D:11     | Killed Erolcha
 12054 | D:11     | XOM: enchant monster (good)
 12056 | D:11     | Killed Fannar
 12391 | D:11     | XOM: harmless Summ miscast
 12466 | D:11     | Noticed an unseen horror
 12469 | D:11     | Killed an unseen horror
 12469 | D:11     | Reached XP level 12. HP: 93/93 MP: 12/12
 12480 | D:11     | Found a staircase to the Orcish Mines.
 12481 | D:11     | Reached skill level 5 in Stealth
 12613 | D:11     | Noticed Psyche
 12619 | D:11     | Killed Psyche
 12767 | D:11     | XOM: divination: detect items
 13101 | D:12     | Noticed a two-headed ogre
 13131 | D:12     | Killed a two-headed ogre
 13131 | D:12     | Reached skill level 1 in Evocations
 13230 | D:12     | XOM: harmless Fire miscast
 13241 | D:12     | Got a crystal trident
 13242 | D:12     | Identified the +10 trident of the Wasteland {antimagic,
                  | -Tele rElec MR++ Dex+8} (You found it on level 12 of the
                  | Dungeon)
 13257 | D:12     | Found Mipnoqun's Assorted Antiques.
 13305 | D:12     | XOM: harmless Necr miscast
 13306 | D:12     | Mangled by a large slime creature

Skill      XL: |  1  2  3  4  5  6  7  8  9 10 11 12 |
---------------+-------------------------------------+-----
Long Blades    | 3 4 5 6 7 9 10 11 | 11.0
Dodging        | 1 2 3 |  3.6
Armour         | 2 3 4 5 7 8 10 | 10.3
Fighting       | 4 5 6 7 8 |  8.3
Stealth        | 1 2 3 4 5 |  5.3
Throwing       | 1 3 |  3.2
Axes           | 3 4 |  4.6
Evocations     | 1 |  1.1
Polearms       | |  0.2

Action                   |  1- 3 |  4- 6 |  7- 9 | 10-12 || total
-------------------------+-------+-------+-------+-------++-------
Melee: Falchion          |    92 |   102 |   298 |   394 ||   886
       Headbutt          |     8 |    11 |    66 |   116 ||   201
       Long sword        |       |     9 |       |       ||     9
       Battleaxe         |       |       |       |    75 ||    75
       Trident           |       |       |       |    22 ||    22
Throw: Tomahawk          |       |       |       |    14 ||    14
       Throwing net      |       |       |       |    16 ||    16
Evoke: Lamp of fire      |       |       |     1 |     1 ||     2
       Wand              |       |       |       |     4 ||     4
  Use: Scroll            |     5 |       |    10 |     5 ||    20
       Potion            |       |     3 |     6 |     8 ||    17
 Stab: Confused          |     1 |       |       |       ||     1
       Paralysed         |       |     1 |     2 |     6 ||     9
       Sleeping          |       |     1 |       |     2 ||     3
       Petrifying        |       |     1 |       |       ||     1
       Held in net/web   |       |       |       |     5 ||     5
  Eat: Chunk             |     2 |     1 |     7 |    12 ||    22
       Ration            |       |     1 |     2 |     3 ||     6
Armor: Leather armour    |    36 |    12 |       |       ||    48
       Plate armour      |       |    35 |   171 |   313 ||   519
       Skin              |       |       |     3 |       ||     3
Dodge: Dodged            |    67 |    41 |    67 |   158 ||   333
Block: Other             |    11 |    32 |    76 |   127 ||   246
       Reflection        |       |       |     3 |     4 ||     7
       Rpst.: Falchion   |    14 |    16 |    16 |    21 ||    67
